 Dungeon Crawl Stone Soup version 0.31-a0-486-g8d68a81214 (webtiles) character file.

Game seed: 14486672538240241374

480 javelincjr the Sneak (level 7, -7/45 HPs)
             Began as an Octopode Conjurer on Aug 7, 2023.
             Mangled by an orc warrior
             ... wielding a +0 halberd
              (15 damage)
             ... on level 4 of the Dungeon.
             The game lasted 00:17:31 (4339 turns).

javelincjr the Sneak (Octopode Conjurer)            Turns: 4339, Time: 00:17:31

Health: -7/45      AC:  1    Str: 12    XL:     7   Next: 11%
Magic:  5/13       EV: 13    Int: 22    God:
Gold:   97         SH:  0    Dex: 11    Spells: 11/14 levels left

rFire   . . .        r - +0 short sword (venom)
rCold   . . .        (no shield)
rNeg    . . .        (helmet restricted)
rPois   .            q - amulet of magic regeneration
rElec   .            d - ring of see invisible
rCorr   .            h - +6 ring of strength
SInv    +            (no ring)
Will    .....        (no ring)
Stlth   ++++         (no ring)
HPRegen 0.27/turn    (no ring)
MPRegen 0.53/turn    (no ring)
                     (no ring)

%: no passive effects
@: no status effects
A: almost no armour, amphibious, 8 rings, camouflage 1, gelatinous body 1,
(nimble swimmer 1), tentacles
a: no special abilities


You were on level 4 of the Dungeon.
You visited 1 branch of the dungeon, and saw 4 of its levels.
You also visited: Sewer.

You collected 97 gold pieces.

Inventory:

Hand Weapons
 p - a +2 heavy mace
 r - a +0 short sword of venom (weapon)
Jewellery
 d - a ring of see invisible (left tentacle)
 h - a +6 ring of strength (right tentacle)
 q - an amulet of magic regeneration (around mantle)
Scrolls
 e - 3 scrolls of identify {unknown}
 j - 2 scrolls of enchant armour {unknown}
 k - a scroll of fog {unknown}
 l - a scroll of blinking {unknown}
 m - 2 scrolls of fear {unknown}
 n - 2 scrolls of acquirement {unknown}
 o - a scroll of summoning {unknown}
Potions
 a - a potion of magic
 b - 4 potions of curing {unknown}
 c - a potion of ambrosia {unknown}
 f - 2 potions of mutation {unknown}
 g - a potion of might {unknown}
 i - 4 potions of haste {unknown}


   Skills:
 + Level 2.4 Fighting
 + Level 3.6 Dodging
 + Level 5.0 Stealth
 * Level 4.1 Spellcasting
 + Level 4.9 Conjurations


You had 11 spell levels left.
You knew the following spells:

 Your Spells              Type           Power      Damage    Failure   Level
a - Magic Dart            Conj           100%       1d8       1%          1
b - Searing Ray           Conj           52%        2d6       2%          2

Your spell library contained the following spells:

 Spells                   Type           Power      Damage    Failure   Level
 Dazzling Flash           Conj/Hex       30%        N/A       12%         3
 Call Canine Familiar     Summ           4%         N/A       32%         3
 Portal Projectile        Hex/Tloc       8%         N/A       32%         3
 Fulminant Prism          Conj/Hex       7%         3d6       36%         4
 Iskenderun's Mystic Bla  Conj/Tloc      15%        2d5       36%         4
 Leda's Liquefaction      Hex/Erth       2%         N/A       73%         4


Dungeon Overview and Level Annotations

Branches:
Dungeon (4/15)              Sewer (visited)
 Temple: D:4-7

Altars:
Dithmenos
Nemelex Xobeh


Innate Abilities, Weirdness & Mutations

You cannot wear most types of armour.
You are amphibious.
You can wear up to eight rings at the same time.
Your skin changes colour to match your surroundings (Stealth+).
Your rubbery body absorbs attacks. (AC +1, EV +1)
((You are camouflaged when in or above water. (Stealth+)))
You have tentacles for arms and can constrict up to eight enemies at once.


Message History

The orc warrior shouts!
The orc warrior hits you with a +0 halberd!
You hit the orc warrior but do no damage.
The orc warrior is poisoned.
You grab the orc warrior.
You squeeze the orc warrior, but do no damage.
You constrict the orc warrior, but do no damage.
You hit the orc warrior but do no damage.
The orc warrior looks as sick as possible!
The orc warrior is lightly wounded.
You constrict the orc warrior, but do no damage.
The orc warrior hits you with a +0 halberd!
You are too injured to fight recklessly!
You are too injured to fight recklessly!
You are too injured to fight recklessly!
You are too injured to fight recklessly!
You are too injured to fight recklessly!
Casting: Searing Ray (safe; 2% risk of failure)
Confirm with . or Enter, or press ? or * to list all spells.
Aiming: Searing Ray (safe; 2% risk of failure)
Press: ? - help, Shift-Dir - straight line, f - orc warrior
Aim: an orc warrior, wielding a +0 halberd, wearing a +0 plate armour and quivering boomerangs (lightly wounded, constricted by you, extremely poisoned, 100% to hit)
The searing ray hits the orc warrior but does no damage.
The orc warrior is lightly wounded. (Press . to maintain the ray.)
You constrict the orc warrior, but do no damage.
The orc warrior closely misses you.
The searing ray hits the orc warrior but does no damage.
The orc warrior is lightly wounded.
You constrict the orc warrior.
The orc warrior hits you with a +0 halberd!
* * * LOW HITPOINT WARNING * * *
The searing ray hits the orc warrior but does no damage.
The orc warrior is moderately wounded.
You constrict the orc warrior. The orc warrior barely misses you.
The searing ray hits the orc warrior.
The orc warrior is heavily wounded.
You finish channelling your searing ray.
You constrict the orc warrior, but do no damage.
The orc warrior hits you with a +0 halberd!
You die...

...... >............ ... #...
#..##... .... ..
####.#####..#... ... ..
...#.(......... .........
......).....# #.#.#....
............# #.#.#..###
...........)## ###.........
.............####.....).....
.............##<@.##).......
...............o##.........#
...........#.......#.###.#.
................####.# .# #.
...#........#.### #..##..#
... ............#..#
##.....###...
#.##...........###...####...#
#.##......................# #
.....................#


You could see an orc warrior (very poisoned).

Vanquished Creatures
  Pargi (Sewer)
  An ogre (D:4)
  2 orc priests
  A hound (D:4)
  2 jellies
  3 gnolls
  4 adders
  A river rat (D:3)
  2 dart slugs (D:4)
  A worm (D:4)
  5 orcs
  14 ball pythons
  12 bats
  10 endoplasms
  A giant cockroach (D:4)
  3 goblins
  2 hobgoblins
  2 quokkas
  12 frilled lizards
  4 kobolds
  2 rats
85 creatures vanquished.

Notes
Turn   | Place    | Note
-------+----------+-------------------------------------------
     0 | D:1      | javelincjr the Octopode Conjurer began the quest for the
                  | Orb.
     0 | D:1      | Reached XP level 1. HP: 11/11 MP: 3/3
   260 | D:1      | Reached skill level 3 in Stealth
   260 | D:1      | Reached XP level 2. HP: 17/17 MP: 5/5
   495 | D:1      | Found a faded altar of an unknown god.
   991 | D:1      | Reached XP level 3. HP: 22/22 MP: 4/6
  1295 | D:1      | Learned a level 2 spell: Searing Ray
  1357 | D:1      | Reached skill level 1 in Fighting
  1357 | D:1      | Reached XP level 4. HP: 8/28 MP: 0/8
  2413 | D:3      | Found a sparkling altar of Nemelex Xobeh.
  2413 | D:3      | Found a glowing drain.
  2507 | Sewer    | Entered a sewer
  2800 | Sewer    | Noticed Pargi
  2995 | Sewer    | Killed Pargi
  2996 | Sewer    | Reached skill level 4 in Stealth
  2996 | Sewer    | Reached XP level 5. HP: 34/34 MP: 1/10
  3143 | D:3      | Reached XP level 6. HP: 39/39 MP: 5/11
  3721 | D:3      | Found a shadowy altar of Dithmenos.
  4095 | D:4      | Noticed an orc warrior
  4318 | D:4      | Reached XP level 7. HP: 41/45 MP: 10/13
  4323 | D:4      | Reached skill level 5 in Stealth
  4339 | D:4      | Mangled by an orc warrior

Illustrated notes

Levels and vault maps discovered:
D:1:      ebering_trefoil_3fold, layout_loops_corners, basic_ecumenical_altar
D:2:      layout_loops_corners
D:3:      layout_rooms, overflow_temple_1_default,
          nicolae_dithmenos_through_a_glass_darkly,
          cheibrodos_sewer_entry_sluice, hex_medium
D:4:      layout_rooms

Skill      XL: |  1  2  3  4  5  6  7 |
---------------+----------------------+-----
Stealth        | 3 4 5 |  5.0
Fighting       | 1 2 |  2.4
Spellcasting   | 3 4 |  4.1
Dodging        | 3 |  3.6
Conjurations   | |  4.9

Action                     |  1- 3 |  4- 6 |  7- 9 || total
---------------------------+-------+-------+-------++-------
  Melee: Unarmed           |     9 |    28 |       ||    37
         Tentacles         |     3 |     2 |     1 ||     6
         Constrict         |     2 |     8 |     1 ||    11
         Short sword       |       |       |     2 ||     2
   Cast: Magic Dart        |    42 |    86 |       ||   128
         Searing Ray       |     2 |    18 |     4 ||    24
   Stab: Sleeping          |     1 |     5 |       ||     6
 Armour: Skin              |       |     3 |     2 ||     5
  Dodge: Dodged            |    14 |    46 |     3 ||    63

Table legend: (Time is in decaauts)
 A = Elapsed time spent in this place.
 B = Non-inter-level travel time spent in this place.
 C = Inter-level travel time spent in this place.
 D = Time resting spent in this place.
 E = Time spent auto-exploring this place.
 F = Levels seen in this place.
 G = Mean time per level.
                   A        B        C        D        E       F      G
               +--------+--------+--------+--------+--------+-----+--------+
         Total |   4338 |   4316 |     22 |    615 |   2913 |   5 |  867.6 |
       Dungeon |   3753 |   3731 |     22 |    445 |   2701 |   4 |  938.2 |
         Sewer |    584 |    584 |      0 |    170 |    212 |   1 |  584.0 |
               +--------+--------+--------+--------+--------+-----+--------+

Top non-repeatable levels by time:
     D:1: 1339 daAuts
     D:2: 1074 daAuts
     D:3: 950 daAuts
   Sewer: 584 daAuts
     D:4: 389 daAuts
